Kelowna Rockets vs Atlantic City Gamblers
Created - Thursday, April 20, 2023 at 07:17
Goals
|
| Kelowna Rockets |
1 |
0 |
3 |
0 |
2 |
5 |
| Atlantic City Gamblers |
0 |
2 |
2 |
0 |
0 |
4 |
|
Shots
|
| Kelowna Rockets |
8 |
6 |
20 |
2 |
3 |
36 |
| Atlantic City Gamblers |
7 |
9 |
18 |
2 |
2 |
36 |
|
1st period
1. Kelowna Rockets , Jasper Weatherby 25 (Max Lajoie 20, Jesse Ylonen 28) at 5:57
Penalties :
Lucas Johansen (KEL) for Holding (Minor) at 10:48, Ronald Attard (ACG) for Hooking (Minor) at 15:28
2nd period
2. Atlantic City Gamblers , Luke Kunin 11 (Nils Hoglander 24, Cody Glass 22) at 7:04 (PP)
3. Atlantic City Gamblers , Cody Glass 18 (Luke Kunin 32, Nils Hoglander 25) at 7:14
Penalties :
Jesse Ylonen (KEL) for Roughing (Minor) at 0:21, Givani Smith (KEL) for Holding (Minor) at 6:51, Givani Smith (KEL) for Roughing (Minor) at 8:18, Jack Drury (KEL) for Unsportsmanlike conduct (Minor) at 17:24
3rd period
4. Kelowna Rockets , Matias Maccelli 13 (Joel Kiviranta 18, Oskar Steen 11) at 2:04 (PP)
5. Atlantic City Gamblers , Luke Kunin 12 (Nils Hoglander 26, Cody Glass 23) at 3:26
6. Kelowna Rockets , Jesse Ylonen 20 (Ty Dellandrea 31) at 14:27 (PP)
7. Kelowna Rockets , Oskar Steen 13 (Matias Maccelli 13, Justus Annunen) at 15:58 (PP)
8. Atlantic City Gamblers , Callan Foote 4 (Cody Glass 24, Luke Kunin 33) at 19:46
Penalties :
Luke Kunin (ACG) for Holding (Minor) at 1:33, Jasper Weatherby (KEL) for Kneeing (Minor) at 5:48, Cam Dineen (ACG) for Holding (Minor) at 8:48, Arnaud Durandeau (KEL) for Hooking (Minor) at 11:48, Ronald Attard (ACG) for Holding (Minor) at 14:25, Jean-Luc Foudy (ACG) for Cross-checking (Minor) at 15:07
Overtime #1
No Goal
Penalties :
No Penalty
Shootout
Kelowna Rockets, Ty Dellandrea - Goal!
Atlantic City Gamblers, Luke Kunin - Stopped by Justus Annunen
Kelowna Rockets, Jasper Weatherby - Stopped by Tuukka Rask
Atlantic City Gamblers, Cody Glass - Shot Hit the Post
Kelowna Rockets, Jesse Ylonen - Goal!
Penalties :
No Penalty
Goalie Stats
Justus Annunen (KEL), 32 saves from 36 shots - (0.889), W, 4-6-1, 65:00 minutes
Tuukka Rask (ACG), 32 saves from 36 shots - (0.889), OTL, 6-10-4, 64:04 minutes
Players Stats for Kelowna Rockets
Player Name G A P +/- PIM S H SB GA TA FO MP PP MP PK MP
------------------------------------------------------------------------------------
Arnaud Durandeau 0 0 0 0 2 0 1 1 0 0 0/0 5:24 0:00 0:00
Cale Fleury 0 0 0 -1 0 1 0 5 1 0 0/0 30:59 3:47 6:44
Givani Smith 0 0 0 0 4 2 3 0 0 0 0/0 12:40 0:12 0:00
Jack Drury 0 0 0 0 2 0 1 0 0 1 4/10 16:20 0:00 3:08
Jacob Perreault 0 0 0 0 0 3 0 1 0 0 0/0 14:24 0:15 0:47
Jake Bean 0 0 0 0 0 0 2 1 0 0 0/0 13:18 0:00 1:21
Jasper Weatherby 1 0 1 -2 2 8 1 2 0 1 0/0 24:23 2:59 5:20
Jesse Ylonen 1 1 2 -2 2 4 1 2 0 0 1/3 19:25 2:59 2:25
Joel Kiviranta 0 1 1 0 0 1 1 0 1 0 0/0 14:48 2:08 0:46
Lauri Pajuniemi 0 0 0 0 0 1 0 0 0 0 0/0 5:22 0:00 0:00
Lucas Johansen 0 0 0 -1 2 0 2 2 0 1 0/0 21:27 1:35 4:02
Matias Maccelli 1 1 2 0 0 2 0 0 0 0 0/0 19:26 2:11 5:08
Max Lajoie 0 1 1 -1 0 5 2 5 0 0 0/0 32:18 3:47 6:44
Maxence Guenette 0 0 0 -1 0 0 0 3 0 1 0/0 20:24 1:35 5:02
Oskar Steen 1 1 2 0 0 3 3 1 0 0 2/12 12:26 2:08 0:00
Oskari Laaksonen 0 0 0 0 0 0 0 0 0 0 0/0 12:18 0:00 0:21
Roby Jarventie 0 0 0 0 0 0 0 0 0 0 0/0 3:12 0:15 0:00
Ty Dellandrea 0 1 1 -2 0 6 3 1 3 1 31/47 29:12 2:59 6:40
Players Stats for Atlantic City Gamblers
Player Name G A P +/- PIM S H SB GA TA FO MP PP MP PK MP
------------------------------------------------------------------------------------
Alex Beaucage 0 0 0 -1 0 3 1 0 0 0 1/1 13:38 0:17 0:00
Boris Katchouk 0 0 0 0 0 1 1 2 1 0 1/4 17:26 5:09 0:00
Callan Foote 1 0 1 2 0 3 2 1 0 0 0/0 31:30 7:07 3:35
Cam Dineen 0 0 0 0 2 3 1 2 0 0 0/0 20:21 5:00 0:47
Cody Glass 1 3 4 3 0 4 1 3 1 0 0/0 28:44 6:41 3:15
Egor Sokolov 0 0 0 -1 0 3 5 0 1 0 1/2 14:12 0:17 0:12
Jakub Lauko 0 0 0 -1 0 0 2 0 0 0 5/8 13:40 0:00 1:32
Jean-Luc Foudy 0 0 0 0 2 2 4 0 0 0 6/10 18:54 5:09 0:30
Layton Ahac 0 0 0 0 0 0 0 0 0 0 0/0 3:05 0:00 0:00
Luke Kunin 2 2 4 3 2 8 1 1 0 2 19/44 28:45 6:41 2:48
Michael Vukojevic 0 0 0 0 0 0 1 1 0 0 0/0 10:28 0:00 1:32
Nick Henry 0 0 0 0 0 0 1 0 0 0 0/0 5:20 0:17 0:00
Nils Hoglander 0 3 3 3 0 3 1 1 0 0 1/3 24:37 6:41 1:36
Ronald Attard 0 0 0 0 4 1 3 0 0 1 0/0 21:14 5:00 1:00
Thomas Harley 0 0 0 0 0 0 1 0 0 0 0/0 8:39 0:00 0:00
Ty Smith 0 0 0 2 0 2 2 4 0 1 0/0 31:06 7:07 3:35
Xavier Bernard 0 0 0 0 0 0 0 0 0 0 0/0 4:01 0:00 0:15
Yegor Chinakhov 0 0 0 0 0 3 1 0 2 1 0/0 18:53 5:09 0:51
3 Stars
1 - Cody Glass (ACG)
2 - Luke Kunin (ACG)
3 - Nils Hoglander (ACG)
Power Play
Kelowna Rockets - 3 on 5 Attempt(s) - 60.00%
Atlantic City Gamblers - 1 on 7 Attempt(s) - 14.29%
Penalty Kill
Kelowna Rockets - 6 on 7 Attempt(s) - 85.71%
- Score 0 goal in Penalty Kill
Atlantic City Gamblers - 2 on 5 Attempt(s) - 40.00%
- Score 0 goal in Penalty Kill
Team Stat
Kelowna Rockets - Hits : 20 - Faceoff Wins : 38 - Blocked Shots : 24 - Penalty Minutes : 14
Atlantic City Gamblers - Hits : 28 - Faceoff Wins : 34 - Blocked Shots : 15 - Penalty Minutes : 10
Official
Referees : Mike Hasenfratz and Marc Joannette
Linesman : Steve Miller and Kiel Murchison
Game Notes
No Game Note
Kelowna Rockets
5 vs 5 Forward
Center Left Wing Right Wing Time % Phy DF OF
1 Ty Dellandrea Jasper Weatherby Jesse Ylonen 40 1 2 2
2 Oskar Steen Matias Maccelli Joel Kiviranta 30 1 2 2
3 Jack Drury Givani Smith Jacob Perreault 20 1 2 2
4 Ty Dellandrea Arnaud Durandeau Lauri Pajuniemi 10 1 2 2
5 vs 5 Defense
Defense Defense Time % Phy DF OF
1 Cale Fleury Max Lajoie 40 1 2 2
2 Lucas Johansen Maxence Guenette 30 1 2 2
3 Jake Bean Oskari Laaksonen 20 1 2 2
4 Max Lajoie Lucas Johansen 10 1 2 2
PowerPlay Forward
Center Left Wing Right Wing Time % Phy DF OF
1 Ty Dellandrea Jasper Weatherby Jesse Ylonen 60 1 2 2
2 Oskar Steen Matias Maccelli Joel Kiviranta 40 1 2 2
PowerPlay Defense
Defense Defense Time % Phy DF OF
1 Cale Fleury Max Lajoie 60 1 2 2
2 Lucas Johansen Maxence Guenette 40 1 2 2
Penalty Kill 4 Players Forward
Center Wing Time % Phy DF OF
1 Ty Dellandrea Jasper Weatherby 60 1 2 2
2 Jesse Ylonen Matias Maccelli 40 1 2 2
Penalty Kill 4 Players Defense
Defense Defense Time % Phy DF OF
1 Cale Fleury Max Lajoie 60 1 2 2
2 Lucas Johansen Maxence Guenette 40 1 2 2
Penalty Kill - 3 Players Forward
Forward Time % Phy DF OF
1 Ty Dellandrea 60 1 2 2
2 Jasper Weatherby 40 1 2 2
Penalty Kill - 3 Players Defense
Defense Defense Time % Phy DF OF
1 Cale Fleury Max Lajoie 60 1 2 2
2 Lucas Johansen Maxence Guenette 40 1 2 2
4 vs 4 Forward
Center Wing Time % Phy DF OF
1 Ty Dellandrea Jasper Weatherby 60 1 2 2
2 Jesse Ylonen Matias Maccelli 40 1 2 2
4 vs 4 Defense
Defense Defense Time % Phy DF OF
1 Cale Fleury Max Lajoie 60 1 2 2
2 Lucas Johansen Maxence Guenette 40 1 2 2
Last Minutes Offensive
Center Left Wing Right Wing Defense Defense
Ty Dellandrea Jasper Weatherby Jesse Ylonen Cale Fleury Max Lajoie
Last Minutes Defensive
Center Left Wing Right Wing Defense Defense
Ty Dellandrea Jasper Weatherby Jesse Ylonen Cale Fleury Max Lajoie
Goaltenders
Starting : Justus Annunen
Backup : Adam Scheel
Extra Forwards
Normal : Roby Jarventie, Ty Dellandrea, Jack Drury - PP : Roby Jarventie, Ty Dellandrea - PK : Jack Drury
Extra Defensemen
Normal : Jake Bean, Maxence Guenette, Cale Fleury - PP : Jake Bean - PK : Maxence Guenette, Cale Fleury
Penalty Shots
Ty Dellandrea, Jasper Weatherby, Jesse Ylonen, Matias Maccelli, Oskar Steen
Atlantic City Gamblers
5 vs 5 Forward
Center Left Wing Right Wing Time % Phy DF OF
1 Luke Kunin Nils Hoglander Cody Glass 40 1 2 2
2 Jean-Luc Foudy Boris Katchouk Yegor Chinakhov 30 1 2 2
3 Jakub Lauko Egor Sokolov Alex Beaucage 20 1 2 2
4 Luke Kunin Cody Glass Nick Henry 10 1 2 2
5 vs 5 Defense
Defense Defense Time % Phy DF OF
1 Ty Smith Callan Foote 40 1 2 2
2 Ronald Attard Cam Dineen 30 1 2 2
3 Thomas Harley Michael Vukojevic 20 1 2 2
4 Xavier Bernard Layton Ahac 10 1 2 2
PowerPlay Forward
Center Left Wing Right Wing Time % Phy DF OF
1 Luke Kunin Nils Hoglander Cody Glass 60 1 2 2
2 Jean-Luc Foudy Boris Katchouk Yegor Chinakhov 40 1 2 2
PowerPlay Defense
Defense Defense Time % Phy DF OF
1 Ty Smith Callan Foote 60 1 2 2
2 Ronald Attard Cam Dineen 40 1 2 2
Penalty Kill 4 Players Forward
Center Wing Time % Phy DF OF
1 Luke Kunin Cody Glass 60 1 2 2
2 Nils Hoglander Yegor Chinakhov 40 1 2 2
Penalty Kill 4 Players Defense
Defense Defense Time % Phy DF OF
1 Ty Smith Callan Foote 60 1 2 2
2 Ronald Attard Cam Dineen 40 1 2 2
Penalty Kill - 3 Players Forward
Forward Time % Phy DF OF
1 Luke Kunin 60 1 2 2
2 Cody Glass 40 1 2 2
Penalty Kill - 3 Players Defense
Defense Defense Time % Phy DF OF
1 Ty Smith Callan Foote 60 1 2 2
2 Ronald Attard Cam Dineen 40 1 2 2
4 vs 4 Forward
Center Wing Time % Phy DF OF
1 Luke Kunin Cody Glass 60 1 2 2
2 Nils Hoglander Yegor Chinakhov 40 1 2 2
4 vs 4 Defense
Defense Defense Time % Phy DF OF
1 Ty Smith Callan Foote 60 1 2 2
2 Ronald Attard Cam Dineen 40 1 2 2
Last Minutes Offensive
Center Left Wing Right Wing Defense Defense
Luke Kunin Nils Hoglander Cody Glass Ty Smith Callan Foote
Last Minutes Defensive
Center Left Wing Right Wing Defense Defense
Luke Kunin Nils Hoglander Cody Glass Ty Smith Callan Foote
Goaltenders
Starting : Tuukka Rask
Backup : Isaiah Saville
Extra Forwards
Normal : Egor Sokolov, Alex Beaucage, Jakub Lauko - PP : Egor Sokolov, Alex Beaucage - PK : Jakub Lauko
Extra Defensemen
Normal : Thomas Harley, Michael Vukojevic, Xavier Bernard - PP : Thomas Harley - PK : Michael Vukojevic, Xavier Bernard
Penalty Shots
Luke Kunin, Cody Glass, Nils Hoglander, Yegor Chinakhov, Boris Katchouk
% Time on Ice - Kelowna Rockets
Lines # - Real PCT - Wanted PCT - Time Play
Normal Forward
1 - 33% - 40% - 13:54
2 - 26% - 30% - 10:43
3 - 28% - 20% - 11:33
4 - 13% - 10% - 5:22
Normal Defense
1 - 41% - 40% - 17:05
2 - 30% - 30% - 12:18
3 - 26% - 20% - 10:50
4 - 3% - 10% - 1:19
PP Forward
1 - 58% - 60% - 3:08
2 - 42% - 40% - 2:14
PP Defense
1 - 70% - 60% - 3:47
2 - 30% - 40% - 1:35
PK Forward
1 - 75% - 60% - 9:05
2 - 25% - 40% - 3:02
PK Defense
1 - 58% - 60% - 7:05
2 - 42% - 40% - 5:02
PK3 Forward
1 - 0% - 60%
2 - 0% - 40%
PK3 Defense
1 - 0% - 60%
2 - 0% - 40%
44 Forward
1 - 81% - 60% - 4:04
2 - 19% - 40% - 0:56
44 Defense
1 - 70% - 60% - 3:31
2 - 30% - 40% - 1:29
Last Minute Offensive - 0:00
Last Minute Defensive - 0:59
Total
Forward - 65:00
Defense - 65:00
|
% Time on Ice - Atlantic City Gamblers
Lines # - Real PCT - Wanted PCT - Time Play
Normal Forward
1 - 34% - 40% - 14:03
2 - 29% - 30% - 11:54
3 - 28% - 20% - 11:25
4 - 10% - 10% - 4:07
Normal Defense
1 - 42% - 40% - 17:20
2 - 32% - 30% - 13:24
3 - 18% - 20% - 7:40
4 - 7% - 10% - 3:05
PP Forward
1 - 57% - 60% - 6:58
2 - 43% - 40% - 5:09
PP Defense
1 - 59% - 60% - 7:07
2 - 41% - 40% - 5:00
PK Forward
1 - 84% - 60% - 4:31
2 - 16% - 40% - 0:51
PK Defense
1 - 67% - 60% - 3:35
2 - 33% - 40% - 1:47
PK3 Forward
1 - 0% - 60%
2 - 0% - 40%
PK3 Defense
1 - 0% - 60%
2 - 0% - 40%
44 Forward
1 - 80% - 60% - 4:00
2 - 20% - 40% - 1:00
44 Defense
1 - 70% - 60% - 3:30
2 - 30% - 40% - 1:30
Last Minute Offensive - 1:02
Last Minute Defensive - 0:00
Total
Forward - 65:00
Defense - 65:00
|
Play-by-Play
1st period
0:01 of 1st period - Luke Kunin wins face-off versus Ty Dellandrea in neutral zone.
0:04 of 1st period - Snap shot by Nils Hoglander.
0:04 of 1st period - Stopped by Justus Annunen without a rebound.
0:05 of 1st period - Luke Kunin wins face-off versus Ty Dellandrea in Kelowna Rockets zone.
0:12 of 1st period - Snap shot by Luke Kunin.
0:12 of 1st period - Shot Blocked by Max Lajoie.
0:14 of 1st period - Snap shot by Nils Hoglander.
0:14 of 1st period - Stopped by Justus Annunen with a rebound.
0:16 of 1st period - Slapshot by Luke Kunin.
0:16 of 1st period - Shot Blocked by Cale Fleury.
0:18 of 1st period - Slapshot by Callan Foote.
0:18 of 1st period - Stopped by Justus Annunen with a rebound.
0:20 of 1st period - Wrist shot by Nils Hoglander.
0:20 of 1st period - Shot Misses the Net.
1:11 of 1st period - Arnaud Durandeau is hit by Nick Henry and loses puck.
2:15 of 1st period - Jack Drury is hit by Michael Vukojevic and loses puck.
3:15 of 1st period - Nils Hoglander is hit by Oskar Steen and loses puck.
4:49 of 1st period - Wrist shot by Ty Dellandrea.
4:49 of 1st period - Shot Misses the Net.
5:06 of 1st period - Icing by Boris Katchouk.
5:07 of 1st period - Jack Drury wins face-off versus Jean-Luc Foudy in Atlantic City Gamblers zone.
5:22 of 1st period - Snap shot by Givani Smith.
5:22 of 1st period - Deflect By Jacob Perreault.
5:22 of 1st period - Shot Misses the Net.
5:22 of 1st period - Puck is out of play.
5:23 of 1st period - Jakub Lauko wins face-off versus Oskar Steen in Atlantic City Gamblers zone.
5:53 of 1st period - Wrist shot by Jesse Ylonen.
5:53 of 1st period - Shot Hit the Post.
5:55 of 1st period - Slapshot by Max Lajoie.
5:55 of 1st period - Stopped by Tuukka Rask with a rebound.
5:57 of 1st period - Slapshot by Jasper Weatherby.
5:57 of 1st period - Goal by Jasper Weatherby - Kelowna Rockets : 1 - Atlantic City Gamblers : 0.
5:58 of 1st period - Ty Dellandrea wins face-off versus Luke Kunin in neutral zone.
6:05 of 1st period - Wrist shot by Ty Dellandrea.
6:05 of 1st period - Shot Misses the Net.
6:30 of 1st period - Wrist shot by Yegor Chinakhov.
6:30 of 1st period - Stopped by Justus Annunen with a rebound.
6:46 of 1st period - Jack Drury is hit by Egor Sokolov and loses puck.
7:13 of 1st period - Egor Sokolov is hit by Ty Dellandrea and loses puck.
7:52 of 1st period - Callan Foote is hit by Arnaud Durandeau and loses puck.
8:05 of 1st period - Jake Bean is hit by Callan Foote and loses puck.
8:35 of 1st period - Snap shot by Ty Dellandrea.
8:35 of 1st period - Stopped by Tuukka Rask without a rebound.
8:36 of 1st period - Jakub Lauko wins face-off versus Oskar Steen in Atlantic City Gamblers zone.
8:59 of 1st period - Maxence Guenette is hit by Jean-Luc Foudy.
9:03 of 1st period - Jack Drury is hit by Ronald Attard and loses puck.
9:59 of 1st period - Luke Kunin is hit by Jake Bean and loses puck.
10:16 of 1st period - Slapshot by Jacob Perreault.
10:16 of 1st period - Stopped by Tuukka Rask without a rebound.
10:17 of 1st period - Ty Dellandrea wins face-off versus Boris Katchouk in Atlantic City Gamblers zone.
10:48 of 1st period - Minor Penalty to Lucas Johansen for Holding.
10:49 of 1st period - Ty Dellandrea wins face-off versus Luke Kunin in Kelowna Rockets zone.
10:49 of 1st period - Ty Dellandrea is hit by Ty Smith.
12:39 of 1st period - Jack Drury is hit by Callan Foote and loses puck.
12:44 of 1st period - Wrist shot by Alex Beaucage.
12:44 of 1st period - Deflect By Egor Sokolov.
12:44 of 1st period - Deflect By Jake Bean.
12:44 of 1st period - Shot Blocked by Maxence Guenette.
12:44 of 1st period - Puck is out of play.
12:45 of 1st period - Ty Dellandrea wins face-off versus Egor Sokolov in Kelowna Rockets zone.
12:45 of 1st period - Ty Dellandrea is hit by Egor Sokolov.
12:48 of 1st period - Penalty to Lucas Johansen is over, Lucas Johansen is back on ice.
12:57 of 1st period - Wrist shot by Jasper Weatherby.
12:57 of 1st period - Stopped by Tuukka Rask with a rebound.
13:03 of 1st period - Jasper Weatherby is hit by Alex Beaucage.
13:13 of 1st period - Slapshot by Jasper Weatherby.
13:13 of 1st period - Stopped by Tuukka Rask with a rebound.
13:32 of 1st period - Off-side.
13:33 of 1st period - Luke Kunin wins face-off versus Oskar Steen in neutral zone.
13:38 of 1st period - Snap shot by Cody Glass.
13:38 of 1st period - Shot Misses the Net.
13:40 of 1st period - Snap shot by Cody Glass.
13:40 of 1st period - Stopped by Justus Annunen without a rebound.
13:41 of 1st period - Luke Kunin wins face-off versus Oskar Steen in Kelowna Rockets zone.
13:48 of 1st period - Snap shot by Luke Kunin.
13:48 of 1st period - Shot Blocked by Oskar Steen.
14:08 of 1st period - Snap shot by Jacob Perreault.
14:08 of 1st period - Stopped by Tuukka Rask without a rebound.
14:09 of 1st period - Jean-Luc Foudy wins face-off versus Jack Drury in Atlantic City Gamblers zone.
14:20 of 1st period - Slapshot by Jean-Luc Foudy.
14:20 of 1st period - Shot Blocked by Cale Fleury.
14:22 of 1st period - Wrist shot by Yegor Chinakhov.
14:22 of 1st period - Stopped by Justus Annunen with a rebound.
14:34 of 1st period - Jack Drury is hit by Jean-Luc Foudy and loses puck.
14:58 of 1st period - Wrist shot by Yegor Chinakhov.
14:58 of 1st period - Deflect By Jean-Luc Foudy.
14:58 of 1st period - Stopped by Justus Annunen without a rebound.
14:59 of 1st period - Ty Dellandrea wins face-off versus Luke Kunin in Kelowna Rockets zone.
14:59 of 1st period - Ty Dellandrea is hit by Nils Hoglander.
15:09 of 1st period - Snap shot by Jesse Ylonen.
15:09 of 1st period - Stopped by Tuukka Rask without a rebound.
15:10 of 1st period - Ty Dellandrea wins face-off versus Luke Kunin in Atlantic City Gamblers zone.
15:21 of 1st period - Wrist shot by Ty Dellandrea.
15:21 of 1st period - Deflect By Jesse Ylonen.
15:21 of 1st period - Shot Blocked by Ty Smith.
15:21 of 1st period - Puck is out of play.
15:22 of 1st period - Ty Dellandrea wins face-off versus Luke Kunin in Atlantic City Gamblers zone.
15:28 of 1st period - Minor Penalty to Ronald Attard for Hooking.
15:29 of 1st period - Ty Dellandrea wins face-off versus Luke Kunin in Atlantic City Gamblers zone.
15:45 of 1st period - Snap shot by Jasper Weatherby.
15:45 of 1st period - Shot Blocked by Cody Glass.
16:03 of 1st period - Cody Glass is hit by Oskar Steen and loses puck.
17:28 of 1st period - Penalty to Ronald Attard is over, Ronald Attard is back on ice.
17:44 of 1st period - Ronald Attard is hit by Jack Drury and loses puck.
17:57 of 1st period - Slapshot by Egor Sokolov.
17:57 of 1st period - Shot Misses the Net.
Goals for this period are 1 for Kelowna Rockets vs 0 for Atlantic City Gamblers.
Shots for this period are 8 for Kelowna Rockets vs 7 for Atlantic City Gamblers.
2nd period
0:01 of 2nd period - Ty Dellandrea wins face-off versus Luke Kunin in neutral zone.
0:21 of 2nd period - Minor Penalty to Jesse Ylonen for Roughing.
0:22 of 2nd period - Ty Dellandrea wins face-off versus Luke Kunin in Kelowna Rockets zone.
0:56 of 2nd period - Wrist shot by Jean-Luc Foudy.
0:56 of 2nd period - Shot Misses the Net.
0:58 of 2nd period - Wrist shot by Jean-Luc Foudy.
0:58 of 2nd period - Shot Blocked by Max Lajoie.
1:00 of 2nd period - Snap shot by Jean-Luc Foudy.
1:00 of 2nd period - Shot Misses the Net.
2:21 of 2nd period - Penalty to Jesse Ylonen is over, Jesse Ylonen is back on ice.
2:24 of 2nd period - Wrist shot by Egor Sokolov.
2:24 of 2nd period - Stopped by Justus Annunen with a rebound.
2:26 of 2nd period - Wrist shot by Egor Sokolov.
2:26 of 2nd period - Deflect By Jesse Ylonen.
2:26 of 2nd period - Shot Misses the Net.
2:26 of 2nd period - Puck is out of play.
2:27 of 2nd period - Ty Dellandrea wins face-off versus Jakub Lauko in Kelowna Rockets zone.
2:27 of 2nd period - Ty Dellandrea is hit by Jakub Lauko.
2:33 of 2nd period - Alex Beaucage is hit by Ty Dellandrea and loses puck.
3:01 of 2nd period - Jack Drury is hit by Jean-Luc Foudy and loses puck.
4:30 of 2nd period - Yegor Chinakhov is hit by Lucas Johansen and loses puck.
4:58 of 2nd period - Snap shot by Matias Maccelli.
4:58 of 2nd period - Shot Misses the Net.
5:12 of 2nd period - Snap shot by Ty Dellandrea.
5:12 of 2nd period - Deflect By Arnaud Durandeau.
5:12 of 2nd period - Shot Misses the Net.
5:12 of 2nd period - Puck is out of play.
5:13 of 2nd period - Ty Dellandrea wins face-off versus Jakub Lauko in Atlantic City Gamblers zone.
5:14 of 2nd period - Wrist shot by Lauri Pajuniemi.
5:14 of 2nd period - Stopped by Tuukka Rask without a rebound.
5:15 of 2nd period - Jakub Lauko wins face-off versus Ty Dellandrea in Atlantic City Gamblers zone.
5:20 of 2nd period - Snap shot by Ty Smith.
5:20 of 2nd period - Shot Blocked by Cale Fleury.
5:22 of 2nd period - Snap shot by Jakub Lauko.
5:22 of 2nd period - Shot Blocked by Cale Fleury.
5:24 of 2nd period - Slapshot by Alex Beaucage.
5:24 of 2nd period - Stopped by Justus Annunen with a rebound.
5:26 of 2nd period - Snap shot by Callan Foote.
5:26 of 2nd period - Shot Misses the Net.
5:28 of 2nd period - Snap shot by Alex Beaucage.
5:28 of 2nd period - Shot Misses the Net.
6:01 of 2nd period - Snap shot by Jacob Perreault.
6:01 of 2nd period - Stopped by Tuukka Rask without a rebound.
6:02 of 2nd period - Jack Drury wins face-off versus Boris Katchouk in Atlantic City Gamblers zone.
6:03 of 2nd period - Snap shot by Jacob Perreault.
6:03 of 2nd period - Shot Misses the Net.
6:05 of 2nd period - Snap shot by Jack Drury.
6:05 of 2nd period - Shot Misses the Net.
6:07 of 2nd period - Wrist shot by Jacob Perreault.
6:07 of 2nd period - Shot Misses the Net.
6:09 of 2nd period - Wrist shot by Max Lajoie.
6:09 of 2nd period - Shot Blocked by Boris Katchouk.
6:17 of 2nd period - Snap shot by Jacob Perreault.
6:17 of 2nd period - Shot Blocked by Cam Dineen.
6:19 of 2nd period - Wrist shot by Jack Drury.
6:19 of 2nd period - Shot Blocked by Boris Katchouk.
6:35 of 2nd period - Jacob Perreault is hit by Egor Sokolov and loses puck.
6:40 of 2nd period - Slapshot by Ty Smith.
6:40 of 2nd period - Stopped by Justus Annunen with a rebound.
6:42 of 2nd period - Slapshot by Jakub Lauko.
6:42 of 2nd period - Shot Misses the Net.
6:51 of 2nd period - Minor Penalty to Givani Smith for Holding.
6:52 of 2nd period - Ty Dellandrea wins face-off versus Nils Hoglander in Kelowna Rockets zone.
7:02 of 2nd period - Wrist shot by Nils Hoglander.
7:02 of 2nd period - Shot Misses the Net.
7:04 of 2nd period - Wrist shot by Luke Kunin.
7:04 of 2nd period - Goal by Luke Kunin - Kelowna Rockets : 1 - Atlantic City Gamblers : 1.
7:05 of 2nd period - Ty Dellandrea wins face-off versus Luke Kunin in neutral zone.
7:05 of 2nd period - Jasper Weatherby is hit by Cody Glass and loses puck.
7:12 of 2nd period - Snap shot by Luke Kunin.
7:12 of 2nd period - Shot Blocked by Max Lajoie.
7:14 of 2nd period - Wrist shot by Cody Glass.
7:14 of 2nd period - Goal by Cody Glass - Kelowna Rockets : 1 - Atlantic City Gamblers : 2.
7:15 of 2nd period - Ty Dellandrea wins face-off versus Luke Kunin in neutral zone.
7:24 of 2nd period - Snap shot by Jasper Weatherby.
7:24 of 2nd period - Stopped by Tuukka Rask without a rebound.
7:25 of 2nd period - Ty Dellandrea wins face-off versus Luke Kunin in Atlantic City Gamblers zone.
7:30 of 2nd period - Slapshot by Jasper Weatherby.
7:30 of 2nd period - Stopped by Tuukka Rask without a rebound.
7:31 of 2nd period - Luke Kunin wins face-off versus Ty Dellandrea in Atlantic City Gamblers zone.
7:31 of 2nd period - Luke Kunin is hit by Jasper Weatherby.
8:08 of 2nd period - Wrist shot by Jack Drury.
8:08 of 2nd period - Deflect By Givani Smith.
8:08 of 2nd period - Stopped by Tuukka Rask without a rebound.
8:09 of 2nd period - Boris Katchouk wins face-off versus Jack Drury in Atlantic City Gamblers zone.
8:09 of 2nd period - Boris Katchouk is hit by Givani Smith.
8:18 of 2nd period - Minor Penalty to Givani Smith for Roughing.
8:19 of 2nd period - Ty Dellandrea wins face-off versus Luke Kunin in Kelowna Rockets zone.
8:52 of 2nd period - Slapshot by Jasper Weatherby.
8:52 of 2nd period - Shot Misses the Net.
8:58 of 2nd period - Snap shot by Boris Katchouk.
8:58 of 2nd period - Stopped by Justus Annunen without a rebound.
8:59 of 2nd period - Ty Dellandrea wins face-off versus Luke Kunin in Kelowna Rockets zone.
9:22 of 2nd period - Matias Maccelli is hit by Jean-Luc Foudy and loses puck.
10:18 of 2nd period - Penalty to Givani Smith is over, Givani Smith is back on ice.
10:26 of 2nd period - Snap shot by Egor Sokolov.
10:26 of 2nd period - Stopped by Justus Annunen with a rebound.
10:28 of 2nd period - Wrist shot by Jakub Lauko.
10:28 of 2nd period - Shot Misses the Net.
10:30 of 2nd period - Snap shot by Alex Beaucage.
10:30 of 2nd period - Shot Blocked by Max Lajoie.
10:32 of 2nd period - Wrist shot by Alex Beaucage.
10:32 of 2nd period - Stopped by Justus Annunen with a rebound.
10:34 of 2nd period - Snap shot by Alex Beaucage.
10:34 of 2nd period - Shot Blocked by Cale Fleury.
10:36 of 2nd period - Snap shot by Egor Sokolov.
10:36 of 2nd period - Shot Misses the Net.
12:07 of 2nd period - Off-side.
12:08 of 2nd period - Luke Kunin wins face-off versus Jack Drury in neutral zone.
12:13 of 2nd period - Wrist shot by Nils Hoglander.
12:13 of 2nd period - Shot Blocked by Maxence Guenette.
12:33 of 2nd period - Snap shot by Yegor Chinakhov.
12:33 of 2nd period - Shot Blocked by Lucas Johansen.
13:16 of 2nd period - Jack Drury is hit by Cam Dineen and loses puck.
14:09 of 2nd period - Nils Hoglander is hit by Joel Kiviranta and loses puck.
14:24 of 2nd period - Jack Drury is hit by Egor Sokolov and loses puck.
15:59 of 2nd period - Ty Smith is hit by Oskar Steen and loses puck.
16:24 of 2nd period - Wrist shot by Jasper Weatherby.
16:24 of 2nd period - Deflect By Ty Dellandrea.
16:24 of 2nd period - Stopped by Tuukka Rask with a rebound.
17:03 of 2nd period - Icing by Alex Beaucage.
17:04 of 2nd period - Jean-Luc Foudy wins face-off versus Oskar Steen in Atlantic City Gamblers zone.
17:24 of 2nd period - Minor Penalty to Jack Drury for Unsportsmanlike conduct.
17:25 of 2nd period - Luke Kunin wins face-off versus Ty Dellandrea in Kelowna Rockets zone.
17:31 of 2nd period - Slapshot by Cody Glass.
17:31 of 2nd period - Stopped by Justus Annunen with a rebound.
17:33 of 2nd period - Wrist shot by Luke Kunin.
17:33 of 2nd period - Shot Misses the Net.
17:35 of 2nd period - Wrist shot by Ty Smith.
17:35 of 2nd period - Deflect By Nils Hoglander.
17:35 of 2nd period - Shot Blocked by Jasper Weatherby.
17:35 of 2nd period - Puck is out of play.
17:36 of 2nd period - Ty Dellandrea wins face-off versus Luke Kunin in Kelowna Rockets zone.
19:24 of 2nd period - Penalty to Jack Drury is over, Jack Drury is back on ice.
19:40 of 2nd period - Snap shot by Jack Drury.
19:40 of 2nd period - Shot Misses the Net.
19:49 of 2nd period - Slapshot by Egor Sokolov.
19:49 of 2nd period - Shot Blocked by Max Lajoie.
19:51 of 2nd period - Wrist shot by Jakub Lauko.
19:51 of 2nd period - Shot Blocked by Jacob Perreault.
Goals for this period are 0 for Kelowna Rockets vs 2 for Atlantic City Gamblers.
Shots for this period are 6 for Kelowna Rockets vs 9 for Atlantic City Gamblers.
3rd period
0:01 of 3rd period - Luke Kunin wins face-off versus Ty Dellandrea in neutral zone.
0:15 of 3rd period - Off-side.
0:16 of 3rd period - Jean-Luc Foudy wins face-off versus Oskar Steen in neutral zone.
0:16 of 3rd period - Jean-Luc Foudy is hit by Max Lajoie.
0:41 of 3rd period - Ty Smith is hit by Jesse Ylonen and loses puck.
1:04 of 3rd period - Ty Smith is hit by Givani Smith and loses puck.
1:10 of 3rd period - Off-side.
1:11 of 3rd period - Jakub Lauko wins face-off versus Jack Drury in neutral zone.
1:26 of 3rd period - Slapshot by Givani Smith.
1:26 of 3rd period - Stopped by Tuukka Rask with a rebound.
1:28 of 3rd period - Slapshot by Cale Fleury.
1:28 of 3rd period - Stopped by Tuukka Rask with a rebound.
1:30 of 3rd period - Slapshot by Max Lajoie.
1:30 of 3rd period - Deflect By Egor Sokolov.
1:30 of 3rd period - Stopped by Tuukka Rask without a rebound.
1:31 of 3rd period - Luke Kunin wins face-off versus Jesse Ylonen in Atlantic City Gamblers zone.
1:33 of 3rd period - Minor Penalty to Luke Kunin for Holding.
1:34 of 3rd period - Ty Dellandrea wins face-off versus Jakub Lauko in Atlantic City Gamblers zone.
1:34 of 3rd period - Wrist shot by Jasper Weatherby.
1:34 of 3rd period - Stopped by Tuukka Rask with a rebound.
1:36 of 3rd period - Slapshot by Max Lajoie.
1:36 of 3rd period - Stopped by Tuukka Rask without a rebound.
1:37 of 3rd period - Jakub Lauko wins face-off versus Ty Dellandrea in Atlantic City Gamblers zone.
1:46 of 3rd period - Slapshot by Ty Smith.
1:46 of 3rd period - Deflect By Cody Glass.
1:46 of 3rd period - Stopped by Justus Annunen with a rebound.
2:04 of 3rd period - Snap shot by Matias Maccelli.
2:04 of 3rd period - Goal by Matias Maccelli - Kelowna Rockets : 2 - Atlantic City Gamblers : 2.
2:05 of 3rd period - Ty Dellandrea wins face-off versus Luke Kunin in neutral zone.
2:14 of 3rd period - Icing by Ty Smith.
2:15 of 3rd period - Luke Kunin wins face-off versus Ty Dellandrea in Atlantic City Gamblers zone.
2:33 of 3rd period - Wrist shot by Jasper Weatherby.
2:33 of 3rd period - Shot Misses the Net.
2:39 of 3rd period - Wrist shot by Ty Dellandrea.
2:39 of 3rd period - Stopped by Tuukka Rask with a rebound.
2:41 of 3rd period - Snap shot by Jesse Ylonen.
2:41 of 3rd period - Stopped by Tuukka Rask with a rebound.
2:43 of 3rd period - Snap shot by Jasper Weatherby.
2:43 of 3rd period - Deflect By Jesse Ylonen.
2:43 of 3rd period - Stopped by Tuukka Rask without a rebound.
2:44 of 3rd period - Oskar Steen wins face-off versus Boris Katchouk in Atlantic City Gamblers zone.
2:45 of 3rd period - Slapshot by Joel Kiviranta.
2:45 of 3rd period - Stopped by Tuukka Rask without a rebound.
2:46 of 3rd period - Jean-Luc Foudy wins face-off versus Oskar Steen in Atlantic City Gamblers zone.
2:57 of 3rd period - Cam Dineen is hit by Lucas Johansen and loses puck.
3:02 of 3rd period - Wrist shot by Matias Maccelli.
3:02 of 3rd period - Stopped by Tuukka Rask without a rebound.
3:03 of 3rd period - Luke Kunin wins face-off versus Ty Dellandrea in Atlantic City Gamblers zone.
3:14 of 3rd period - Wrist shot by Callan Foote.
3:14 of 3rd period - Shot Blocked by Ty Dellandrea.
3:16 of 3rd period - Slapshot by Callan Foote.
3:16 of 3rd period - Stopped by Justus Annunen without a rebound.
3:17 of 3rd period - Luke Kunin wins face-off versus Ty Dellandrea in Kelowna Rockets zone.
3:26 of 3rd period - Snap shot by Luke Kunin.
3:26 of 3rd period - Goal by Luke Kunin - Kelowna Rockets : 2 - Atlantic City Gamblers : 3.
3:27 of 3rd period - Luke Kunin wins face-off versus Jesse Ylonen in neutral zone.
3:30 of 3rd period - Slapshot by Ty Smith.
3:30 of 3rd period - Shot Blocked by Jasper Weatherby.
3:32 of 3rd period - Snap shot by Luke Kunin.
3:32 of 3rd period - Stopped by Justus Annunen with a rebound.
3:36 of 3rd period - Wrist shot by Luke Kunin.
3:36 of 3rd period - Stopped by Justus Annunen without a rebound.
3:37 of 3rd period - Ty Dellandrea wins face-off versus Luke Kunin in Kelowna Rockets zone.
3:53 of 3rd period - Snap shot by Jasper Weatherby.
3:53 of 3rd period - Shot Blocked by Ty Smith.
3:55 of 3rd period - Snap shot by Jesse Ylonen.
3:55 of 3rd period - Deflect By Nils Hoglander.
3:55 of 3rd period - Shot Misses the Net.
3:55 of 3rd period - Puck is out of play.
3:56 of 3rd period - Oskar Steen wins face-off versus Jean-Luc Foudy in Atlantic City Gamblers zone.
5:20 of 3rd period - Wrist shot by Cody Glass.
5:20 of 3rd period - Shot Misses the Net.
5:28 of 3rd period - Wrist shot by Matias Maccelli.
5:28 of 3rd period - Shot Blocked by Cam Dineen.
5:48 of 3rd period - Minor Penalty to Jasper Weatherby for Kneeing.
5:49 of 3rd period - Luke Kunin wins face-off versus Ty Dellandrea in Kelowna Rockets zone.
5:52 of 3rd period - Wrist shot by Cody Glass.
5:52 of 3rd period - Shot Hit the Post.
6:14 of 3rd period - Slapshot by Jean-Luc Foudy.
6:14 of 3rd period - Deflect By Yegor Chinakhov.
6:14 of 3rd period - Shot Hit the Post.
6:14 of 3rd period - Puck is out of play.
6:15 of 3rd period - Ty Dellandrea wins face-off versus Jean-Luc Foudy in Kelowna Rockets zone.
6:34 of 3rd period - Snap shot by Luke Kunin.
6:34 of 3rd period - Stopped by Justus Annunen with a rebound.
6:36 of 3rd period - Wrist shot by Nils Hoglander.
6:36 of 3rd period - Shot Blocked by Lucas Johansen.
6:38 of 3rd period - Snap shot by Luke Kunin.
6:38 of 3rd period - Stopped by Justus Annunen without a rebound.
6:39 of 3rd period - Jack Drury wins face-off versus Luke Kunin in Kelowna Rockets zone.
7:04 of 3rd period - Max Lajoie is hit by Boris Katchouk and loses puck.
7:48 of 3rd period - Penalty to Jasper Weatherby is over, Jasper Weatherby is back on ice.
7:55 of 3rd period - Jacob Perreault is hit by Jakub Lauko and loses puck.
8:04 of 3rd period - Wrist shot by Alex Beaucage.
8:04 of 3rd period - Stopped by Justus Annunen with a rebound.
8:13 of 3rd period - Off-side.
8:14 of 3rd period - Ty Dellandrea wins face-off versus Luke Kunin in neutral zone.
8:17 of 3rd period - Luke Kunin is hit by Jake Bean.
8:33 of 3rd period - Slapshot by Ty Smith.
8:33 of 3rd period - Stopped by Justus Annunen without a rebound.
8:34 of 3rd period - Jean-Luc Foudy wins face-off versus Jack Drury in Kelowna Rockets zone.
8:37 of 3rd period - Snap shot by Boris Katchouk.
8:37 of 3rd period - Shot Blocked by Maxence Guenette.
8:48 of 3rd period - Minor Penalty to Cam Dineen for Holding.
8:49 of 3rd period - Ty Dellandrea wins face-off versus Luke Kunin in Atlantic City Gamblers zone.
9:30 of 3rd period - Wrist shot by Matias Maccelli.
9:30 of 3rd period - Shot Blocked by Nils Hoglander.
9:32 of 3rd period - Snap shot by Oskar Steen.
9:32 of 3rd period - Stopped by Tuukka Rask with a rebound.
10:48 of 3rd period - Penalty to Cam Dineen is over, Cam Dineen is back on ice.
10:58 of 3rd period - Wrist shot by Yegor Chinakhov.
10:58 of 3rd period - Shot Misses the Net.
11:00 of 3rd period - Slapshot by Ronald Attard.
11:00 of 3rd period - Stopped by Justus Annunen with a rebound.
11:02 of 3rd period - Wrist shot by Ronald Attard.
11:02 of 3rd period - Shot Misses the Net.
11:08 of 3rd period - Slapshot by Yegor Chinakhov.
11:08 of 3rd period - Shot Misses the Net.
11:22 of 3rd period - Givani Smith is hit by Egor Sokolov and loses puck.
11:30 of 3rd period - Icing by Maxence Guenette.
11:31 of 3rd period - Jack Drury wins face-off versus Jean-Luc Foudy in Kelowna Rockets zone.
11:48 of 3rd period - Minor Penalty to Arnaud Durandeau for Hooking.
11:49 of 3rd period - Nils Hoglander wins face-off versus Ty Dellandrea in Kelowna Rockets zone.
12:04 of 3rd period - Slapshot by Nils Hoglander.
12:04 of 3rd period - Stopped by Justus Annunen with a rebound.
12:22 of 3rd period - Snap shot by Yegor Chinakhov.
12:22 of 3rd period - Stopped by Justus Annunen with a rebound.
12:24 of 3rd period - Wrist shot by Callan Foote.
12:24 of 3rd period - Shot Misses the Net.
13:48 of 3rd period - Penalty to Arnaud Durandeau is over, Arnaud Durandeau is back on ice.
13:48 of 3rd period - Slapshot by Ty Smith.
13:48 of 3rd period - Shot Blocked by Arnaud Durandeau.
13:50 of 3rd period - Slapshot by Ty Smith.
13:50 of 3rd period - Deflect By Alex Beaucage.
13:50 of 3rd period - Shot Blocked by Jake Bean.
13:50 of 3rd period - Puck is out of play.
13:51 of 3rd period - Egor Sokolov wins face-off versus Oskar Steen in Kelowna Rockets zone.
13:52 of 3rd period - Slapshot by Cam Dineen.
13:52 of 3rd period - Stopped by Justus Annunen with a rebound.
13:58 of 3rd period - Snap shot by Oskar Steen.
13:58 of 3rd period - Stopped by Tuukka Rask without a rebound.
13:59 of 3rd period - Alex Beaucage wins face-off versus Oskar Steen in Atlantic City Gamblers zone.
14:25 of 3rd period - Minor Penalty to Ronald Attard for Holding.
14:26 of 3rd period - Ty Dellandrea wins face-off versus Luke Kunin in Atlantic City Gamblers zone.
14:27 of 3rd period - Snap shot by Jesse Ylonen.
14:27 of 3rd period - Goal by Jesse Ylonen - Kelowna Rockets : 3 - Atlantic City Gamblers : 3.
14:28 of 3rd period - Luke Kunin wins face-off versus Ty Dellandrea in neutral zone.
14:58 of 3rd period - Snap shot by Givani Smith.
14:58 of 3rd period - Shot Blocked by Ty Smith.
15:00 of 3rd period - Slapshot by Max Lajoie.
15:00 of 3rd period - Stopped by Tuukka Rask with a rebound.
15:02 of 3rd period - Snap shot by Givani Smith.
15:02 of 3rd period - Shot Blocked by Cody Glass.
15:04 of 3rd period - Snap shot by Max Lajoie.
15:04 of 3rd period - Stopped by Tuukka Rask without a rebound.
15:05 of 3rd period - Jean-Luc Foudy wins face-off versus Oskar Steen in Atlantic City Gamblers zone.
15:07 of 3rd period - Minor Penalty to Jean-Luc Foudy for Cross-checking.
15:08 of 3rd period - Luke Kunin wins face-off versus Ty Dellandrea in Atlantic City Gamblers zone.
15:18 of 3rd period - Wrist shot by Ty Dellandrea.
15:18 of 3rd period - Shot Blocked by Cody Glass.
15:20 of 3rd period - Slapshot by Jasper Weatherby.
15:20 of 3rd period - Shot Blocked by Ty Smith.
15:22 of 3rd period - Snap shot by Jasper Weatherby.
15:22 of 3rd period - Stopped by Tuukka Rask without a rebound.
15:23 of 3rd period - Ty Dellandrea wins face-off versus Luke Kunin in Atlantic City Gamblers zone.
15:34 of 3rd period - Slapshot by Jesse Ylonen.
15:34 of 3rd period - Shot Misses the Net.
15:58 of 3rd period - Snap shot by Oskar Steen.
15:58 of 3rd period - Goal by Oskar Steen - Kelowna Rockets : 4 - Atlantic City Gamblers : 3.
15:59 of 3rd period - Ty Dellandrea wins face-off versus Luke Kunin in neutral zone.
16:25 of 3rd period - Jesse Ylonen is hit by Yegor Chinakhov and loses puck.
16:30 of 3rd period - Snap shot by Jean-Luc Foudy.
16:30 of 3rd period - Stopped by Justus Annunen with a rebound.
16:32 of 3rd period - Slapshot by Cam Dineen.
16:32 of 3rd period - Deflect By Jesse Ylonen.
16:32 of 3rd period - Stopped by Justus Annunen with a rebound.
16:34 of 3rd period - Wrist shot by Cam Dineen.
16:34 of 3rd period - Stopped by Justus Annunen without a rebound.
16:35 of 3rd period - Luke Kunin wins face-off versus Jack Drury in Kelowna Rockets zone.
17:08 of 3rd period - Slapshot by Egor Sokolov.
17:08 of 3rd period - Deflect By Alex Beaucage.
17:08 of 3rd period - Shot Misses the Net.
17:08 of 3rd period - Puck is out of play.
17:09 of 3rd period - Ty Dellandrea wins face-off versus Luke Kunin in Kelowna Rockets zone.
17:09 of 3rd period - Ty Dellandrea is hit by Luke Kunin.
17:21 of 3rd period - Slapshot by Ty Dellandrea.
17:21 of 3rd period - Stopped by Tuukka Rask with a rebound.
18:19 of 3rd period - Wrist shot by Jasper Weatherby.
18:19 of 3rd period - Shot Blocked by Michael Vukojevic.
18:23 of 3rd period - Slapshot by Jasper Weatherby.
18:23 of 3rd period - Stopped by Tuukka Rask with a rebound.
18:33 of 3rd period - Oskar Steen is hit by Thomas Harley and loses puck.
18:50 of 3rd period - Atlantic City Gamblers, Tuukka Rask is pulled from the net.
18:52 of 3rd period - Slapshot by Nils Hoglander.
18:52 of 3rd period - Shot Misses the Net.
18:54 of 3rd period - Slapshot by Thomas Harley.
18:54 of 3rd period - Deflect By Cody Glass.
18:54 of 3rd period - Shot Blocked by Jesse Ylonen.
18:54 of 3rd period - Puck is out of play.
18:55 of 3rd period - Jeff Blashill call a timeout for Atlantic City Gamblers.
18:55 of 3rd period - Luke Kunin wins face-off versus Ty Dellandrea in Kelowna Rockets zone.
18:58 of 3rd period - Snap shot by Cody Glass.
18:58 of 3rd period - Shot Blocked by Jesse Ylonen.
19:40 of 3rd period - Snap shot by Nils Hoglander.
19:40 of 3rd period - Shot Misses the Net.
19:42 of 3rd period - Backhand shot by Luke Kunin.
19:42 of 3rd period - Stopped by Justus Annunen with a rebound.
19:44 of 3rd period - Snap shot by Cody Glass.
19:44 of 3rd period - Shot Hit the Post.
19:46 of 3rd period - Wrist shot by Callan Foote.
19:46 of 3rd period - Goal by Callan Foote - Kelowna Rockets : 4 - Atlantic City Gamblers : 4.
19:46 of 3rd period - Tuukka Rask from Atlantic City Gamblers was sent back in the game.
19:47 of 3rd period - Ty Dellandrea wins face-off versus Luke Kunin in neutral zone.
19:47 of 3rd period - Ty Dellandrea is hit by Ronald Attard.
Goals for this period are 3 for Kelowna Rockets vs 2 for Atlantic City Gamblers.
Shots for this period are 20 for Kelowna Rockets vs 18 for Atlantic City Gamblers.
Overtime #1
0:01 of 1st overtime period - Ty Dellandrea wins face-off versus Luke Kunin in neutral zone.
0:04 of 1st overtime period - Slapshot by Max Lajoie.
0:04 of 1st overtime period - Shot Misses the Net.
0:06 of 1st overtime period - Slapshot by Cale Fleury.
0:06 of 1st overtime period - Shot Blocked by Luke Kunin.
0:08 of 1st overtime period - Wrist shot by Ty Dellandrea.
0:08 of 1st overtime period - Stopped by Tuukka Rask without a rebound.
0:09 of 1st overtime period - Luke Kunin wins face-off versus Ty Dellandrea in Atlantic City Gamblers zone.
0:09 of 1st overtime period - Luke Kunin is hit by Ty Dellandrea.
0:41 of 1st overtime period - Slapshot by Cody Glass.
0:41 of 1st overtime period - Deflect By Luke Kunin.
0:41 of 1st overtime period - Stopped by Justus Annunen with a rebound.
1:16 of 1st overtime period - Ty Dellandrea is hit by Ty Smith and loses puck.
1:28 of 1st overtime period - Slapshot by Callan Foote.
1:28 of 1st overtime period - Shot Misses the Net.
1:46 of 1st overtime period - Wrist shot by Jasper Weatherby.
1:46 of 1st overtime period - Shot Blocked by Callan Foote.
1:48 of 1st overtime period - Snap shot by Ty Dellandrea.
1:48 of 1st overtime period - Stopped by Tuukka Rask without a rebound.
1:49 of 1st overtime period - Jesse Ylonen wins face-off versus Nils Hoglander in Atlantic City Gamblers zone.
2:00 of 1st overtime period - Snap shot by Nils Hoglander.
2:00 of 1st overtime period - Shot Misses the Net.
2:38 of 1st overtime period - Snap shot by Egor Sokolov.
2:38 of 1st overtime period - Stopped by Justus Annunen with a rebound.
4:11 of 1st overtime period - Nils Hoglander is hit by Givani Smith.
4:17 of 1st overtime period - Alex Beaucage is hit by Max Lajoie and loses puck.
4:52 of 1st overtime period - Snap shot by Joel Kiviranta.
4:52 of 1st overtime period - Shot Misses the Net.
4:58 of 1st overtime period - Jake Bean is hit by Ronald Attard and loses puck.
Goals for this period are 0 for Kelowna Rockets vs 0 for Atlantic City Gamblers.
Shots for this period are 2 for Kelowna Rockets vs 2 for Atlantic City Gamblers.
ShootOut
5:00 of 1st overtime period - Round #1.
5:00 of 1st overtime period - Kelowna Rockets, Ty Dellandrea.
5:00 of 1st overtime period - Snap shot by Ty Dellandrea.
5:00 of 1st overtime period - Goal by Ty Dellandrea.
5:00 of 1st overtime period - Atlantic City Gamblers, Luke Kunin.
5:00 of 1st overtime period - Deke by Luke Kunin.
5:00 of 1st overtime period - Stopped by Justus Annunen.
5:00 of 1st overtime period - Round #2.
5:00 of 1st overtime period - Kelowna Rockets, Jasper Weatherby.
5:00 of 1st overtime period - Snap shot by Jasper Weatherby.
5:00 of 1st overtime period - Stopped by Tuukka Rask.
5:00 of 1st overtime period - Atlantic City Gamblers, Cody Glass.
5:00 of 1st overtime period - Deke by Cody Glass.
5:00 of 1st overtime period - Shot Hit the Post.
5:00 of 1st overtime period - Round #3.
5:00 of 1st overtime period - Kelowna Rockets, Jesse Ylonen.
5:00 of 1st overtime period - Backhand shot by Jesse Ylonen.
5:00 of 1st overtime period - Goal by Jesse Ylonen.
Back to the Top